 Dungeon Crawl Stone Soup version 0.17.0-28-g6e173f8 (webtiles) character file.

240 MDvedh the Ruffian (level 6, 0/45 HPs)
             Began as a Ghoul Conjurer on Nov 22, 2015.
             Was an Initiate of Makhleb.
             Slain by Thomus's ghost (5 damage)
             ... on level 5 of the Dungeon.
             The game lasted 00:06:48 (2487 turns).

MDvedh the Ruffian (Ghoul Conjurer)                 Turns: 2487, Time: 00:06:48

Health: 0/45       AC:  8    Str: 24      XL:     6   Next: 8%
Magic:  7/7        EV:  8    Int:  7 (10) God:    Makhleb [......]
Gold:   152        SH:  0    Dex:  5 (9)  Spells: 1 memorised, 7 levels left

rFire  . . .     SeeInvis .       - Unarmed
rCold  + . .     Clarity  .     f - +0 chain mail
rNeg   + + +     SustAt   .     (no shield)
rPois  ∞         Gourm    .     (no helmet)
rElec  .         Spirit   .     (no cloak)
rCorr  .         Warding  .     (no gloves)
rMut   .         Stasis   .     (no boots)
MR     .....                    (no amulet)
Stlth  ..........               (no ring)
                                s - +5 ring of strength

@: mighty, very slightly contaminated, rotting, not resistant to hostile
enchantments, extremely unstealthy
A: rotting body, claws 1, carnivore 3, cold resistance 1, negative energy
resistance 3, slow regeneration 1, torment resistance, unbreathing
a: Renounce Religion


You were on level 5 of the Dungeon.
You worshipped Makhleb.
Makhleb was noncommittal.
You were not hungry.

You visited 2 branches of the dungeon, and saw 5 of its levels.

You collected 152 gold pieces.

Inventory:

Armour
 f - a +0 chain mail (worn)
Jewellery
 s - a +5 ring of strength (left claw)
Wands
 t - a wand of confusion (48)
Scrolls
 g - a scroll of noise {unknown}
 j - 2 scrolls of recharging
 k - a scroll of blinking {unknown}
Potions
 a - a potion of resistance
 i - a potion of flight
Books
 b - a book of Conjurations

   Spells                             Type                      Level
   a - Magic Dart                     Conjuration                  1
   b - Searing Ray                    Conjuration                  2
   c - Dazzling Spray                 Conjuration/Hexes            3
   d - Fulminant Prism                Conjuration/Hexes            4
   e - Iskenderun's Mystic Blast      Conjuration                  4
   f - Iskenderun's Battlesphere      Conjuration/Charms           5
Comestibles
 c - 2 meat rations
 l - a beef jerky
 p - a slice of pizza


   Skills:
 - Level 1.7 Dodging
 - Level 2.1 Stealth
 * Level 6.2 Unarmed Combat
 - Level 1.7 Spellcasting
 - Level 3.2 Conjurations


You had 7 spell levels left.
You knew the following spells:

 Your Spells              Type           Power        Failure   Level  Hunger
a - Magic Dart            Conj           #...         87%         1    ##.....


Dungeon Overview and Level Annotations

Branches:
Dungeon (5/15)             Temple (1/1) D:5

Altars:
Ashenzari
Dithmenos
Fedhas
Gozag
Kikubaaqudgha
Makhleb
Nemelex Xobeh
Qazlal
Sif Muna
Trog
Yredelemnul
Zin

Annotations:
D:5 Grinder; Thomus's ghost, novice HOFi


Innate Abilities, Weirdness & Mutations

Your body is rotting away.
You thrive on raw meat.
You are immune to poison.
You have sharp fingernails.
You are carnivorous and can eat meat at any time.
Your flesh is cold resistant.
You are immune to negative energy.
You regenerate slowly when monsters are visible.
You are immune to unholy pain and torment.
You can survive without breathing.


Message History

* * * LOW HITPOINT WARNING * * *
You claw the centaur!
You kill the centaur!
Makhleb accepts your kill.
Your Unarmed Combat skill increases to level 6!
You have reached level 6!
Your experience leads to an increase in your attributes!
Your base attributes are Str 13, Int 10, Dex 9.
Increase (S)trength, (I)ntelligence, or (D)exterity?
You feel stronger. The quasit closely misses you.
The quasit claws you but does no damage.
The quasit barely misses you.
Thomus's ghost says, "I have seen your future, and it is all used up."
The quasit barely misses you. x2
The quasit claws you but does no damage.
Found a potion of curing and 2 glowing blue potions.
Found a stone staircase leading down.
Thomus's ghost hits you.
You die...

.......# ##......##
.....!.. .. ......#
... .....# .#.####
.... .......
####.###.## #....
#....!.@..# #.#.#
...#>###W5# #....
#..# #.#.. #.###).#
#.... #......#####
##.#..
####.......#####.....
#.#.###W.......#..
#.#.# #.######....
#.#.# #.# #.#.#


You could see a quasit and Thomus's ghost.

Vanquished Creatures
  A centaur (D:5)
  A scorpion (D:5)
  A worker ant (D:5)
  5 adders
  A worm (D:2)
  4 giant geckos
  An orc (D:5)
  A ball python (D:2)
  A giant cockroach (D:1)
  2 goblins
  5 hobgoblins
  A quokka (D:3)
  7 bats
  4 giant newts
  7 kobolds
  7 rats
49 creatures vanquished.

Notes
Turn   | Place    | Note
--------------------------------------------------------------
     0 | D:1      | MDvedh the Ghoul Conjurer began the quest for the Orb.
     0 | D:1      | Reached XP level 1. HP: 14/14 MP: 2/2
    41 | D:1      | Reached skill level 1 in Unarmed Combat
   139 | D:1      | Reached XP level 2. HP: 18/20 MP: 1/3
  1024 | D:2      | Reached XP level 3. HP: 14/26 MP: 0/4
  1631 | D:2      | Reached skill level 4 in Unarmed Combat
  1631 | D:2      | Reached XP level 4. HP: 28/32 MP: 5/5
  2121 | D:3      | You fall through a shaft for 2 floors!
  2121 | D:5      | Entered Level 5 of the Dungeon
  2123 | D:5      | Noticed Grinder
  2133 | D:5      | Found a staircase to the Ecumenical Temple.
  2133 | D:5      | Noticed a centaur
  2135 | D:5      | Noticed Thomus's ghost (novice HOFi)
  2157 | D:5      | Reached skill level 5 in Unarmed Combat
  2157 | D:5      | Reached XP level 5. HP: 29/38 MP: 6/6
  2203 | Temple   | Entered the Ecumenical Temple
  2214 | Temple   | Became a worshipper of Makhleb the Destroyer
  2484 | D:5      | Killed a centaur
  2484 | D:5      | Reached skill level 6 in Unarmed Combat
  2484 | D:5      | Reached XP level 6. HP: 5/45 MP: 7/7
  2487 | D:5      | Slain by Thomus's ghost

Action                   |  1- 3 |  4- 6 || total
-------------------------+-------+-------++-------
Melee: Unarmed           |   149 |   102 ||   251
 Cast: Magic Dart        |     9 |       ||     9
  Use: Potion            |       |     7 ||     7
       Scroll            |       |     6 ||     6
 Stab: Sleeping          |     3 |       ||     3
  Eat: Chunk             |    10 |     9 ||    19
